 Dungeon Crawl Stone Soup version 0.30-a0-462-gd5975efbca (webtiles) character file.

Game seed: 14734883461150299272

86 oldriver the Shooter (level 4, 0/34 HPs)
             Began as a Barachi Hexslinger on Dec 17, 2022.
             Slain by an orc
             ... wielding a +0 short sword
              (4 damage)
             ... on level 3 of the Dungeon.
             The game lasted 00:03:02 (2299 turns).

oldriver the Shooter (Barachi Hexslinger)           Turns: 2299, Time: 00:03:02

Health: 0/34       AC:  4    Str: 12    XL:     4   Next: 50%
Magic:  5/5        EV:  9    Int: 13    God:
Gold:   95         SH:  3    Dex: 14    Spells: 4/5 levels left

rFire   . . .      SeeInvis .    a - +1 sling
rCold   . . .      Faith    .    i - +0 buckler
rNeg    . . .      Spirit   .    c - +0 robe
rPois   .          Reflect  .    o - +0 helmet
rElec   .          Harm     .    (no cloak)
rCorr   .          Rampage  .    f - +0 pair of gloves
Will    .....                    (no boots)
Stlth   +.........               (no amulet)
HPRegen 0.25/turn                (no ring)
MPRegen 0.09/turn                (no ring)

@: grasped by roots, unable to hop, attractive, hasted, constricted, quick
A: amphibious, slowness 1, strong legs 1, +LOS
a: Hop


You were on level 3 of the Dungeon.
You visited 1 branch of the dungeon, and saw 3 of its levels.

You collected 179 gold pieces.
You spent 84 gold pieces at shops.

Inventory:

Hand Weapons
 a - a +1 sling (weapon)
 h - a +3 short sword
Armour
 c - a +0 robe (worn)
 f - a +0 pair of gloves (worn)
 i - a +0 buckler (worn)
 o - a +0 helmet (worn)
Scrolls
 b - 2 scrolls of poison
 k - 2 scrolls of fog
 p - a scroll of identify
 q - a scroll of amnesia
Potions
 d - 2 potions of cancellation
 g - 2 potions of degeneration
 l - 3 potions of flight
 m - a potion of curing {unknown}
 n - a potion of mutation {unknown}
 r - a potion of magic {unknown}


   Skills:
 + Level 2.9 Fighting
 * Level 3.8 Ranged Weapons
 + Level 0.4 Armour
 + Level 2.2 Dodging
 + Level 0.0 Shields
 - Level 1.1 Spellcasting
 - Level 3.2 Hexes


You had 4 spell levels left.
You knew the following spells:

 Your Spells              Type           Power      Damage    Failure   Level
a - Slow                  Hex            36%        N/A       10%         1

Your spell library contained the following spells:

 Spells                   Type           Power      Damage    Failure   Level
 Inner Flame              Hex/Fire       4%         N/A       50%         3
 Portal Projectile        Hex/Tloc       8%         N/A       50%         3
 Cause Fear               Hex            4%         N/A       69%         4
 Gell's Gravitas          Tloc           0%         N/A       75%         3
 Lesser Beckoning         Tloc           0%         N/A       75%         3
 Teleport Other           Tloc           0%         N/A       75%         3
 Iskenderun's Battlesphe  Conj           0%         2d6       100%        5
 Iron Shot                Conj/Erth      0%         9d1       100%        6
 Spellforged Servitor     Conj/Summ      0%         N/A       100%        7


Dungeon Overview and Level Annotations

Branches:
Dungeon (3/15)

Altars:
Dithmenos

Shops:
D:2 ?


Innate Abilities, Weirdness & Mutations

You are amphibious.
You cover ground slowly.
You can hop short distances.
You have an extended range of vision and can be seen from far away.


Message History

You are too injured to fight recklessly!
You are too injured to fight recklessly!
You are too injured to fight recklessly!
You are too injured to fight recklessly!
You are too injured to fight recklessly!
You are too injured to fight recklessly!
You are too injured to fight recklessly!
You are too injured to fight recklessly!
You are too injured to fight recklessly!
Hop to where?
Press: ? - help, Dir - move target, p - orc Boing!
Fire: a) +1 sling
Press: ? - help, Shift-Dir - straight line, f - orc
Aim: an orc, wielding a +0 morningstar and wearing a +0 leather armour (sparse dust, 59% to hit)
You shoot a sling bullet. The sling bullet hits the orc.
The orc is heavily wounded.
Unknown command.
Fire: a) +1 sling
Press: ? - help, Shift-Dir - straight line, f/p - orc
Aim: an orc, wielding a +0 morningstar and wearing a +0 leather armour (heavily wounded, 59% to hit)
You shoot a sling bullet. The sling bullet hits the orc.
The orc is almost dead.
An orc comes into view.
It is wielding a +0 short sword and carrying a wand of roots (5).
Fire: a) +1 sling
Press: ? - help, Shift-Dir - straight line, f/p - orc
Aim: an orc, wielding a +0 morningstar and wearing a +0 leather armour (almost dead, 59% to hit)
You shoot a sling bullet. The sling bullet hits the orc.
You kill the orc!
The orc zaps a wand.
The roots erupt in riotous growth!
The grasping roots grab you! The grasping roots constrict you.
* * * LOW HITPOINT WARNING * * *
It was a potion of attraction.
You feel attractive to monsters. The grasping roots constrict you.
* * * LOW HITPOINT WARNING * * *
It was a potion of haste.
You feel yourself speed up. The orc hits you with a +0 short sword.
You die...

......>#######.##.#
#####..........##.####
# #.########.......#
#. #.#####.# #. #.#
#.### #. #..# #...#
#..# #.#.#
#..#####.#.#
#...@....#.# ###
#.###o####.# ..#
#.###)# #.# #.# #.).#
#.# #.# #.### #.# #.#
... #.# #.# ..#. ..#
#.# ## .. ### #.# #.


You could see an orc.

Vanquished Creatures
  An adder (D:3)
  2 worms (D:2)
  2 dart slugs
  4 orcs (D:3)
  7 bats
  7 endoplasms (D:1)
  6 giant cockroaches
  4 goblins
  5 hobgoblins
  7 kobolds
  3 quokkas
  4 ball pythons
  A frilled lizard (D:2)
  4 rats
57 creatures vanquished.

Notes
Turn   | Place    | Note
-------+----------+-------------------------------------------
     0 | D:1      | oldriver the Barachi Hexslinger began the quest for the
                  | Orb.
     0 | D:1      | Reached XP level 1. HP: 15/15 MP: 2/2
    34 | D:1      | Reached XP level 2. HP: 19/22 MP: 3/3
   482 | D:1      | Reached XP level 3. HP: 27/27 MP: 4/4
   792 | D:2      | Found a shadowy altar of Dithmenos.
  1113 | D:2      | Found Adocung's Magic Scroll Shop.
  1123 | D:2      | Bought a scroll of identify for 28 gold pieces
  1126 | D:2      | Bought a scroll of fog for 56 gold pieces
  1573 | D:2      | Reached XP level 4. HP: 31/34 MP: 5/5
  2299 | D:3      | Slain by an orc

Illustrated notes

Levels and vault maps discovered:
D:1:      dpeg_arrival_line_fractal, layout_basic, hangedman_glass_teeth,
          minmay_misc_feat_encased, minmay_statues_item, minmay_split_cup_large
D:2:      minmay_wonky_spiral, layout_loops_ring, serial_shops, shop,
          basic_altar, minmay_misc_feat_nine_boxes,
          chequers_serial_rivers_room_b, chequers_serial_rivers_micro_c
D:3:      layout_loops_ring, dreamdust_ecumenical_altar_angels_and_demons,
          uniq_sigmund

Skill      XL: |  1  2 |
---------------+-------+-----
Fighting       | 2 |  2.9
Ranged Weapons | 3 |  3.8
Armour         | |  0.4
Dodging        | |  2.2
Spellcasting   | |  1.1
Hexes          | |  3.2

Action                   |  1- 3 |  4- 6 || total
-------------------------+-------+-------++-------
 Fire: Sling             |   146 |    53 ||   199
 Abil: Hop               |     1 |     1 ||     2
  Use: Scroll            |     8 |       ||     8
       Potion            |       |     2 ||     2
Armor: Robe              |    15 |    10 ||    25
Dodge: Dodged            |    46 |    13 ||    59
Block: Buckler           |       |     1 ||     1

Table legend: (Time is in decaauts)
 A = Elapsed time spent in this place.
 B = Non-inter-level travel time spent in this place.
 C = Inter-level travel time spent in this place.
 D = Time resting spent in this place.
 E = Time spent auto-exploring this place.
 F = Levels seen in this place.
 G = Mean time per level.
                   A        B        C        D        E       F      G
               +--------+--------+--------+--------+--------+-----+--------+
         Total |   2691 |   2556 |    135 |    165 |   1948 |   3 |  897.0 |
       Dungeon |   2691 |   2556 |    135 |    165 |   1948 |   3 |  897.0 |
               +--------+--------+--------+--------+--------+-----+--------+

Top non-repeatable levels by time:
     D:2: 1137 daAuts
     D:1: 921 daAuts
     D:3: 632 daAuts
